 Dungeon Crawl Stone Soup version 0.32-a0-433-g08bcfe7 (webtiles) character file.

Game seed: 8743387473950665512

3551 edsrzf the Carver (level 10, 0/105 HPs)
             Began as a Coglin Gladiator on Feb 21, 2024.
             Was a Priest of Trog.
             Slain by an orc knight
             ... wielding a +0 war axe
              (4 damage)
             ... in a bailey on Feb 22, 2024.
             The game lasted 00:19:44 (7709 turns).

edsrzf the Carver (Coglin Gladiator)                Turns: 7709, Time: 00:19:44

Health: 0/105      AC: 11    Str: 19    XL:     10   Next: 9%
Magic:  10/10      EV: 12    Int:  8    God:    Trog [***...]
Gold:   248        SH:  0    Dex: 15    Spells: 9/9 levels left

rFire   . . .        a - +0 long sword {Miranda}
rCold   . . .        (no shield)
rNeg    . . .        C - +3 leather armour of Fedhas's Regard {rElec Will+ Regen+}
rPois   .            c - +0 helmet
rElec   +            (no cloak)
rCorr   +            (no gloves)
SInv    .            (no boots)
Will    +....        (no amulet) Stlth
                     g - ring of resist corrosion
HPRegen 1.17/turn    h - +4 ring of protection
MPRegen 0.12/turn

%: no passive effects
@: berserking, immotile, hasted, revved, very quick
A: off-hand wielding, slow wielding, warmup strikes, legs shutdown
a: Renounce Religion, Berserk, Trog's Hand


You were in a bailey.
You worshipped Trog.
Trog was most pleased with you.
You visited 1 branch of the dungeon, and saw 7 of its levels.
You also visited: Ossuary and Bailey.

You collected 248 gold pieces.

Inventory:

Hand Weapons
 a - a +0 long sword (weapon) {Miranda}
Missiles
 d - 2 throwing nets (quivered) {=f}
 e - a javelin
 s - 4 poisoned darts
Armour
 c - a +0 helmet (worn)
 C - the +3 leather armour of Fedhas's Regard (worn) {rElec Will+ Regen+}
   (You found it on level 5 of the Dungeon)

   rElec:     It insulates you from electricity.
   Will+:     It increases your willpower.
   Regen+:    It increases your rate of health regeneration.
Jewellery
 g - a ring of resist corrosion (left grasper)
 h - a +4 ring of protection (right grasper)
 n - a ring of fire
 q - a ring of fire
 x - a ring of fire
Scrolls
 b - a scroll of amnesia {unknown}
 f - a scroll of acquirement {unknown}
 i - 2 scrolls of enchant weapon {unknown}
 k - 2 scrolls of vulnerability {unknown}
 l - 2 scrolls of teleportation {unknown}
 p - a scroll of fear {unknown}
 r - 2 scrolls of torment {unknown}
 t - 3 scrolls of fog {unknown}
 u - a scroll of revelation {unknown}
 v - a scroll of immolation {unknown}
 y - a scroll of noise {unknown}
 B - a scroll of poison {unknown}
 D - a scroll of summoning {unknown}
Potions
 j - 2 potions of attraction
 m - 5 potions of curing
 o - a potion of berserk rage {!q}
 w - 2 potions of cancellation
 z - a potion of ambrosia {unknown}
 A - 2 potions of resistance
 F - a potion of enlightenment


   Skills:
 + Level 3.3 Fighting
 - Level 14.0 Long Blades
 - Level 1.7 Throwing
 - Level 2.6 Dodging


You had 9 spell levels left.
You didn't know any spells.
Your spell library was empty.

Dungeon Overview and Level Annotations

Branches:
Dungeon (7/15)            Ossuary (visited)          Bailey (1/1)
 Temple: D:4-7

Altars:
Ashenzari
Elyvilon
Fedhas
Gozag
Makhleb
Okawaru
Ru
Trog
Xom
Yredelemnul
The Shining One

Shops:
D:1 :   D:3 =   D:5 (


Innate Abilities, Weirdness & Mutations

You can wield a second weapon in your off-hand.
It takes a long time for you to wield or remove held weapons.
Your first few attacks do less damage.
Attacking and casting redirects power from your legs.


Message History

Okay, then.
Okay, then.
You fail to use your ability.
The orc knight roars a battlecry!
The orcs go into a battle-frenzy!
You fail to use your ability.
The orc warrior barely misses you.
You fail to use your ability.
The orc warrior hits you but does no damage.
You fail to use your ability.
The orc warrior hits you with a +0 war axe!
You fail to use your ability.
The orc warrior hits you with a +0 war axe!
You fail to use your ability.
The orc warrior misses you.
You fail to use your ability.
The orc warrior closely misses you.
You fail to use your ability.
Okay, then.
Okay, then.
Your polar bear goes berserk!
You can no longer call in reinforcements.
The orc warrior hits you with a +0 war axe.
The orc warrior hits your polar bear with a +0 war axe!
The orc knight hits you with a +0 war axe.
Okay, then.
Okay, then.
Okay, then.
You feel yourself speed up.
The orc warrior hits you with a +0 war axe!
The orc warrior hits your polar bear with a +0 war axe!
The orc cheers noisily.
Your polar bear bites the orc warrior!!
Your polar bear claws the orc warrior but does no damage.
Your polar bear claws the orc warrior.
Your polar bear misses the orc warrior.
Your polar bear claws the orc warrior.
Your polar bear closely misses the orc warrior.
The orc warrior hits you with a +0 war axe.
The orc warrior hits your polar bear with a +0 war axe!!
The orc warrior attacks as it pursues you!
The orc warrior hits you with a +0 war axe!
Your polar bear bites the orc warrior!!
The orc warrior dies!
Trog accepts your kill.
Your polar bear bites the orc warrior!!
Your polar bear claws the orc warrior but does no damage. x2
You feel better.
Your polar bear closely misses the orc warrior.
Your polar bear claws the orc warrior.
Your polar bear claws the orc warrior but does no damage.
The orc warrior hits your polar bear with a +0 war axe!
A red film seems to cover your vision as you go berserk!
You feel yourself moving faster!
You feel mighty!
Your polar bear barely misses the orc warrior.
Your polar bear closely misses the orc warrior.
Your polar bear barely misses the orc warrior.
You slash the orc knight!
The orc knight is moderately wounded.
The orc knight hits you with a +0 war axe.
The orc warrior hits your polar bear with a +0 war axe!
Your polar bear dies!
Your polar bear's corpse disappears in a puff of smoke!
The orc warrior shouts!
You hit the orc knight but do no damage.
The orc knight is moderately wounded.
You barely miss the orc knight.
The orc knight is moderately wounded.
The orc warrior no longer looks unusually strong.
The orc no longer looks unusually strong.
The orc knight hits you with a +0 war axe!
You hit the orc warrior.
The orc warrior is almost dead.
You slash the orc warrior!
You kill the orc warrior!
Trog accepts your kill.
The orc warrior no longer looks unusually strong.
The orc knight hits you with a +0 war axe!
* * * LOW HITPOINT WARNING * * *
Your Fighting skill increases to level 3!
You slash the orc knight!
The orc knight is heavily wounded.
You slash the orc knight!
The orc knight is severely wounded.
The orc knight barely misses you.
The orc warrior hits you with a +0 hand axe.
* * * LOW HITPOINT WARNING * * *
You hit the orc knight but do no damage.
The orc knight is severely wounded.
You slash the orc knight!
The orc knight is severely wounded.
The hobgoblin barely misses you.
The orc knight roars a battlecry!
The orcs go into a battle-frenzy!
The orc warrior hits you with a +0 hand axe!
* * * LOW HITPOINT WARNING * * *
You slash the orc knight!
The orc knight is almost dead.
You barely miss the orc knight.
The orc knight is almost dead.
The hobgoblin hits you with a +0 hand axe.
* * * LOW HITPOINT WARNING * * *
The orc knight hits you with a +0 war axe.
You die...

..'...........# ß.....
..).....⌠.....# ..o.⌠
..'...........# .....
..#...........# .g..
..##.........### ### .go.
♣♣♣###...).###.###
###.###.o. ♣
###.#)#.....###
###.....#o#
###.........###.......o.##
#.......@o..#...........#
#.......og..#...........#
#.....⌠.o.o)#.....⌠.....#
#..........g)...........#
#..........)#...........#
##.........###.........##
###.....### ###.....###
###.### ###.### ### ###


You could see an orc knight, an orc warrior (strong), 2 orcs and 2 hobgoblins.

Vanquished Creatures
  Eustachio (D:4)
  The ghost of syon the Trooper, an amateur MiFi (D:3)
  Menkaure (D:4)
  A water moccasin (D:6)
  4 orc warriors (Bailey)
  2 ice beasts
  4 ogres
  A centaur (D:7)
  A phantom (D:4)
  A kobold brigand (D:5)
  3 bullfrogs
  8 scorpions
  2 howler monkeys
  2 bombardier beetles (D:5)
  3 centaur zombies (Ossuary)
  3 hounds
  A jelly (D:6)
  A gnoll bouda (D:6)
  A human zombie (Ossuary)
  2 sleepcaps
  3 iguanas
  4 scorpion zombies (Ossuary)
  Natasha (thrice) (D:4)
  An orc wizard (D:5)
  4 mummies
  16 gnolls
  3 adders
  4 ufetubi
  3 adder zombies (Ossuary)
  2 dart slugs
  2 ribbon worms
  15 orcs
  5 bats
  6 endoplasms
  3 giant cockroaches
  2 gnoll zombies (Ossuary)
  12 goblins
  17 hobgoblins
  6 quokkas
  4 ball pythons
  3 ball python zombies (Ossuary)
  7 frilled lizards
  3 jackal zombies (Ossuary)
  5 kobolds
  An orc zombie (Ossuary)
  5 rats
182 creatures vanquished.

Vanquished Creatures (collateral kills)
  An orc warrior (Bailey)
1 creature vanquished.

Grand Total: 183 creatures vanquished

Notes
Turn   | Place    | Note
-------+----------+-------------------------------------------
     0 | D:1      | edsrzf the Coglin Gladiator began the quest for the Orb.
     0 | D:1      | Reached XP level 1. HP: 16/16 MP: 1/1
   135 | D:1      | Reached XP level 2. HP: 19/22 MP: 2/2
   247 | D:1      | Reached skill level 4 in Long Blades
   283 | D:1      | Reached XP level 3. HP: 27/27 MP: 3/3
   701 | D:1      | Found Nosiulir's Book Shop.
   800 | D:1      | Found a faded altar of an unknown god.
   806 | D:1      | Prayed at the altar of an unknown god.
   806 | D:1      | Became a worshipper of Trog the Wrathful
   806 | D:1      | Reached * piety under Trog
   890 | D:2      | Reached XP level 4. HP: 31/33 MP: 4/4
   930 | D:2      | Identified 2 potions of attraction
   936 | D:2      | Reached skill level 5 in Long Blades
  1180 | D:2      | Reached XP level 5. HP: 38/38 MP: 5/5
  1881 | D:3      | Found a runed translucent door.
  1881 | D:3      | Noticed syon's ghost (amateur MiFi)
  1908 | D:3      | Found a broken altar of Ashenzari.
  1937 | D:3      | Found a blossoming altar of Fedhas.
  2049 | D:3      | Reached skill level 6 in Long Blades
  2174 | D:3      | Found an iron altar of Okawaru.
  2339 | D:3      | Found Raelat's Jewellery Emporium.
  2451 | D:3      | Killed syon's ghost
  2452 | D:3      | Reached skill level 7 in Long Blades
  2452 | D:3      | Reached XP level 6. HP: 44/44 MP: 6/6
  2528 | D:4      | Reached ** piety under Trog
  2646 | D:4      | Reached XP level 7. HP: 48/50 MP: 7/7
  2691 | D:4      | Upgraded the game from 0.32-a0-423-g123bbc5 to
                  | 0.32-a0-433-g08bcfe7
  2707 | D:4      | Reached skill level 8 in Long Blades
  2837 | D:4      | Found a basalt altar of Yredelemnul.
  2839 | D:4      | Found an opulent altar of Gozag.
  2842 | D:4      | Found a sacrificial altar of Ru.
  2847 | D:4      | Found a shimmering altar of Xom.
  2847 | D:4      | Found a white marble altar of Elyvilon.
  2849 | D:4      | Found a burning altar of Makhleb.
  2911 | D:4      | Found a sand-covered staircase.
  2923 | Ossuary  | Entered an ossuary
  3049 | Ossuary  | Identified 3 potions of degeneration
  3050 | Ossuary  | Identified 2 potions of cancellation
  3052 | Ossuary  | Identified a potion of lignification
  3053 | Ossuary  | HP: 1/75 [scorpion (3)]
  3054 | Ossuary  | Identified a potion of magic
  3055 | Ossuary  | Identified a potion of invisibility
  3056 | Ossuary  | Identified a potion of curing
  3062 | Ossuary  | Reached skill level 9 in Long Blades
  3221 | Ossuary  | Reached XP level 8. HP: 42/56 MP: 8/8
  3529 | Ossuary  | Reached skill level 10 in Long Blades
  3842 | D:4      | Noticed Natasha
  3855 | D:4      | Killed Natasha
  3977 | D:4      | Noticed Menkaure
  3985 | D:4      | Killed Menkaure
  4103 | D:4      | Reached skill level 11 in Long Blades
  4156 | D:4      | Noticed Eustachio
  4168 | D:4      | Noticed Natasha
  4179 | D:4      | Killed Eustachio
  4180 | D:4      | Reached XP level 9. HP: 58/61 MP: 9/9
  4188 | D:4      | Killed Natasha
  4494 | D:4      | Noticed Natasha
  4501 | D:4      | Killed Natasha
  4558 | D:5      | Entered Level 5 of the Dungeon
  4848 | D:5      | Found Zurph's Weapon Emporium.
  5295 | D:5      | Reached skill level 12 in Long Blades
  5780 | D:5      | Identified the +3 leather armour of Fedhas's Regard {rElec
                  | Will+ Regen+}
  6556 | D:6      | Reached *** piety under Trog
  6762 | D:6      | Reached skill level 13 in Long Blades
  7040 | D:6      | Found a glowing golden altar of the Shining One.
  7166 | D:7      | Identified 5 scrolls of identify
  7166 | D:7      | Identified a potion of berserk rage
  7167 | D:7      | Identified 2 potions of brilliance
  7168 | D:7      | Identified 2 potions of resistance
  7169 | D:7      | Identified a potion of haste
  7170 | D:7      | Identified a potion of enlightenment
  7179 | D:7      | Identified the +11 morningstar of the Unseen Realm
                  | {antimagic, Str+3}
  7373 | D:7      | Found a flagged portal.
  7410 | Bailey   | Entered a bailey
  7588 | Bailey   | Reached XP level 10. HP: 61/67 MP: 10/10
  7599 | Bailey   | Reached skill level 14 in Long Blades
  7620 | Bailey   | Reached **** piety under Trog
  7670 | Bailey   | Noticed an orc knight
  7704 | Bailey   | Reached skill level 3 in Fighting
  7709 | Bailey   | HP: 4/105 [hobgoblin/+0 hand axe (4)]
  7709 | Bailey   | Slain by an orc knight

Illustrated notes

Levels and vault maps discovered:
D:1:      eino_arrival_cavern_e, layout_loops_ring,
          shapermc_ecumenical_altar_hornbeckon, serial_shops, shop,
          solitary_fountain
D:2:      layout_loops_ring, serial_forest, infiniplex_forest_zigzag_2,
          infiniplex_forest_lined_room_3, infiniplex_forest_straight_1,
          infiniplex_forest_end_1, infiniplex_forest_end_3,
          infiniplex_forest_straight_3, infiniplex_forest_zigzag_2,
          infiniplex_forest_lined_3, infiniplex_forest_clump_large,
          minmay_liquid_box
D:3:      layout_basic, mainiacjoe_overflow_six_doors_small,
          evilmike_ruin_ashenzari, nicolae_overflow_hidden_temple, serial_shops,
          shop, hellmonk_ghost_happy_afterlife, grunt_decor_mini_mirrors,
          dreamdust_mushroom_princess
D:4:      layout_loops_ring, minitemple, gup_ossuary_entry_pyramid,
          nicolae_titane, uniq_eustachio, uniq_menkaure, uniq_natasha
D:5:      minmay_chambers_of_fours, layout_layer_cave, serial_shops, shop,
          nicolae_houndstooth_variations
D:6:      layout_loops_cross, tso_oasis_becter
D:7:      layout_gridville, minmay_temple_entry_drinking_statues,
          enter_bailey_4, sigmund_army
Bailey:   bailey_axe_minmay_hex_keep, bailey

Skill      XL: |  1  2  3  4  5  6  7  8  9 10 |
---------------+-------------------------------+-----
Long Blades    | 4 5 7 9 11 13 14 | 14.0
Fighting       | 3 |  3.3
Throwing       | |  1.7
Dodging        | |  2.6

Action                     |  1- 3 |  4- 6 |  7- 9 | 10-12 || total
---------------------------+-------+-------+-------+-------++-------
  Melee: Long sword        |    73 |   167 |   599 |    46 ||   885
  Throw: Throwing net      |       |       |     1 |       ||     1
 Invoke: Berserk           |       |     2 |     9 |     1 ||    12
         Trog's Hand       |       |       |     1 |       ||     1
         Brothers in Arms  |       |       |       |     1 ||     1
    Use: Potion            |       |     1 |     8 |     2 ||    11
         Scroll            |       |       |     5 |       ||     5
   Stab: Sleeping          |     1 |     2 |       |       ||     3
         Held in net/web   |       |       |     1 |       ||     1
 Armour: Leather armour    |    33 |    84 |   293 |    33 ||   443
         Skin              |       |       |    11 |       ||    11
  Dodge: Dodged            |    34 |   116 |   249 |    33 ||   432

Table legend: (Time is in decaauts)
 A = Elapsed time spent in this place.
 B = Non-inter-level travel time spent in this place.
 C = Inter-level travel time spent in this place.
 D = Time resting spent in this place.
 E = Time spent auto-exploring this place.
 F = Levels seen in this place.
 G = Mean time per level.
                   A        B        C        D        E       F      G
               +--------+--------+--------+--------+--------+-----+--------+
         Total |   7726 |   7559 |    167 |   1261 |   4189 |   9 |  858.4 |
       Dungeon |   6565 |   6398 |    167 |    782 |   4007 |   7 |  937.9 |
       Ossuary |    894 |    894 |      0 |    434 |    127 |   1 |  894.0 |
        Bailey |    266 |    266 |      0 |     45 |     55 |   1 |  266.0 |
               +--------+--------+--------+--------+--------+-----+--------+

Top non-repeatable levels by time:
     D:5: 1751 daAuts
     D:4: 1190 daAuts
     D:2: 971 daAuts
 Ossuary: 894 daAuts
     D:1: 861 daAuts
     D:6: 811 daAuts
     D:3: 720 daAuts
  Bailey: 266 daAuts
     D:7: 258 daAuts
